 Dungeon Crawl Stone Soup version 0.17.2-1-ge4368a0 (webtiles) character file.

66 Goblin1989 the Skirmisher (level 3, 0/30 HPs)
             Began as a Demonspawn Wanderer on Nov 1, 2016.
             Slain by a white imp (3 damage)
             ... summoned by Natasha
             ... on level 2 of the Dungeon.
             The game lasted 00:06:07 (1677 turns).

Goblin1989 the Skirmisher (Demonspawn Wanderer)     Turns: 1677, Time: 00:06:07

Health: 0/30       AC:  5    Str: 15    XL:     3   Next: 96%
Magic:  3/3        EV: 10    Int: 11    God:
Gold:   43         SH:  0    Dex: 12    Spells: 0 memorised, 2 levels left

rFire  . . .     SeeInvis .     a - +2 short sword
rCold  . . .     Clarity  .     c - +0 ring mail
rNeg   . . .     SustAt   +     (no shield)
rPois  .         Gourm    +     (helmet restricted)
rElec  .         Spirit   .     (no cloak)
rCorr  .         Warding  .     (no gloves)
rMut   .         Stasis   .     (no boots)
MR     .....                    h - amulet of the gourmand
Stlth  +.........               (no ring)
                                n - ring of sustain attributes

@: slowed, very slow, not resistant to hostile enchantments, very unstealthy
A: antennae 1, rot immunity
a: no special abilities


You were on level 2 of the Dungeon.
You were not hungry.

You visited 1 branch of the dungeon, and saw 2 of its levels.

You collected 43 gold pieces.

Inventory:

Hand Weapons
 a - a +2 short sword (weapon)
 d - a +0 dagger
 g - a +0 dagger of venom
 j - a -1 mace
Armour
 c - a +0 ring mail (worn)
Jewellery
 h - an amulet of the gourmand (around neck)
 n - a ring of sustain attributes (left hand)
 q - an uncursed ring of fire
Scrolls
 f - a scroll of random uselessness {unknown}
 i - a scroll of enchant armour {unknown}
 l - 3 scrolls of recharging
 p - 3 scrolls of magic mapping {unknown}
 s - a scroll of fog {unknown}
 T - 3 scrolls of teleportation {!r, @r4}
Potions
 b - 3 potions of curing {@q1}
 k - a potion of ambrosia {unknown}
 o - a potion of magic
 r - a potion of mutation {!q}
Comestibles
 e - 3 bread rations {@e1}
 m - a meat ration {@e2}


   Skills:
 - Level 4.0 Fighting
 - Level 1.1 Short Blades
 + Level 3.1 Maces & Flails
 - Level 1.7 Armour
 - Level 1.9 Stealth
   Level 1.0 Shields


You had 2 spell levels left.
You didn't know any spells.

Dungeon Overview and Level Annotations

Branches:
Dungeon (2/15)

Altars:
Ashenzari

Annotations:
D:2 Natasha


Innate Abilities, Weirdness & Mutations

You have a pair of small antennae on your head.
You are immune to rotting.


Message History

You feel troubled. Natasha casts a spell at you. The magic dart hits you!
You take 11 damage, and have 19/30 hp.
MASSIVE DAMAGE!!
Natasha wildly gestures.
Natasha shimmers violently.
Natasha mumbles some strange words.
Natasha glows brightly for a moment.
Natasha claws you!
* * * LOW HITPOINT WARNING * * *
You take 8 damage, and have 11/30 hp.
MASSIVE DAMAGE!!
You completely miss Natasha. Natasha claws you.
* * * LOW HITPOINT WARNING * * *
Natasha claws you.
* * * LOW HITPOINT WARNING * * *
You take 9 damage, and have 2/30 hp.
MASSIVE DAMAGE!!
You closely miss Natasha.
Natasha casts a spell.
You closely miss Natasha. Natasha barely misses you. The white imp hits you.
You die... ███ ████

█.. ...████.. █>█ █.......█
█.███....█..█ █.█.........
█.█.█....█ ██.██
█.█.█$.███..█ █...█
█...5@h...... █.(.█
███.█████████ █...█
█.†.....███████ ███...█████
█..████.█.....█
..........█████.████.█.....█
...........†...............█
....█.....███...█..█.█.....█
██.███.████ █........█...<.█
█.██ ██.██ █......█████████


You could see Natasha and a white imp.

Vanquished Creatures
  4 adders (D:2)
  2 worms (D:2)
  A ball python (D:1)
  2 hobgoblins (D:2)
  3 jackals (D:2)
  6 kobolds
  2 bats
  2 giant cockroaches
  A giant gecko (D:1)
  2 giant newts (D:2)
  4 rats
29 creatures vanquished.

Notes
Turn   | Place    | Note
--------------------------------------------------------------
     0 | D:1      | Goblin1989 the Demonspawn Wanderer began the quest for the Orb.
     0 | D:1      | Goblin1989 set off with: a +2 short sword, a potion of curing {@q1}, a +0 ring mail, a +0 dagger, a bread ration {@e1}
     0 | D:1      | Reached XP level 1. HP: 19/19 MP: 1/1
   436 | D:2      | Noticed Natasha
   455 | D:1      | Reached skill level 1 in Maces & Flails
   473 | D:2      | Gained mutation: You are immune to rotting. [demonic ancestry]
   473 | D:2      | Reached XP level 2. HP: 22/25 MP: 2/2
  1024 | D:2      | Found a shattered altar of Ashenzari.
  1089 | D:2      | Gained mutation: You have a pair of small antennae on your head. [demonic ancestry]
  1089 | D:2      | Reached XP level 3. HP: 28/30 MP: 3/3
  1677 | D:2      | Slain by a white imp

Action                   || total
-------------------------++-------
Melee: Mace              ||    64
       Short sword       ||    52
       Dagger            ||     6
  Use: Scroll            ||     7
 Stab: Sleeping          ||     1
  Eat: Chunk             ||     4

Vault maps used:
D:1:      lightli_arrival_chessboard
D:2:      lemuel_coloured_pillars_altar, lightli_temple_of_fire, first_bread,
          uniq_iyjb, uniq_natasha
